Map: Ascension vers Aïur EC

Players

zidar

  • Race: Zerg Zerg
  • League: Gold
  • Spawn Location: 11:00

WangFugui - Winner!

  • Race: Terran Terran
  • League: Platinum
  • Spawn Location: 5:00

VOD

Have the link to the VOD?

Description

Time

  • Played on: June 26, 2017, 7:28 a.m.
  • Length: 6:30
Show
View Real Time Build Order
Export as new Build Order

zidar Zerg 

Build Orders: Hatch First 

Get SALT Encoding   

  12  0:02  Drone  
  13  0:12  Overlord  
  13  0:17  Drone  
  14  0:30  Drone x2  
  16  0:50  Hatchery  
  16  0:53  Drone  
  16  1:02  Extractor, Drone  
  16  1:16  Spawning Pool  
  15  1:22  Drone  
  15  1:23  Drone  
  17  1:26  Drone  
  18  2:03  Metabolic Boost  
  18  2:05  Queen x2  
  18  2:08  Drone x2  
  24  2:13  Zergling x2  
  25  2:15  Zergling x2  
  25  2:19  Zergling x2  
  26  2:36  Overlord x2  
  26  2:47  Baneling Nest  
  25  3:03  Drone x5  
  30  3:12  Lair  
  30  3:13  Extractor  
  30  3:18  Zergling x4  
  31  3:37  Zergling x8  
  31  3:40  Drone  
  36  3:41  Overlord  
  36  3:48  Pneumatized Carapace  
  36  4:03  Baneling x6  
  36  4:07  Drone x3  
  39  4:15  Drone x3  
  42  4:31  Extractor  
  41  4:34  Extractor, Drone x4  
  44  4:58  Centrifical Hooks  
  41  5:14  Zergling x4  
  43  5:31  Overlord  
  43  5:32  Overlord x4  
  43  5:33  Overlord  
  43  5:42  Spire  
  42  5:46  Drone  
  43  6:00  Drone  
  43  6:01  Drone x9  
  53  6:16  Hatchery  
Show
View Real Time Build Order
Export as new Build Order

WangFugui Terran - Winner!

Build Orders:  

Get SALT Encoding   

  12  0:01  SCV  
  13  0:13  SCV  
  14  0:17  Supply Depot  
  14  0:25  SCV  
  15  0:34  Refinery  
  15  0:39  SCV  
  16  0:45  Barracks  
  16  0:51  SCV  
  17  1:03  SCV  
  18  1:15  SCV  
  19  1:27  SCV  
  19  1:32  Marine  
  20  1:39  SCV  
  22  1:49  Supply Depot  
  22  1:50  Marine  
  22  1:52  Command Center  
  23  2:05  Factory  
  23  2:15  Orbital Command  
  23  2:23  Barracks Reactor  
  23  2:24  Refinery  
  23  2:52  SCV  
  23  2:57  Bunker  
  24  3:04  Factory  
  24  3:08  Refinery  
  24  3:09  Orbital Command  
  24  3:12  Refinery  
  24  3:21  Hellion  
  24  3:24  Hellion  
  28  3:37  Barracks Tech Lab  
  28  3:38  SCV  
  29  3:46  Hellion x2  
  33  3:51  Factory  
  33  3:57  SCV  
  33  3:58  SCV  
  33  4:02  Supply Depot  
  35  4:07  Supply Depot  
  35  4:09  SCV  
  36  4:15  Armory  
  36  4:21  Infernal Pre-Igniter  
  36  4:24  SCV x2  
  38  4:35  Hellion  
  38  4:36  SCV x2  
  42  4:39  Hellion  
  42  4:43  Hellion  
  46  4:49  Supply Depot  
  46  4:51  SCV x2  
  42  5:09  Hellion x2  
  46  5:15  Engineering Bay  
  46  5:19  Hellion  
  46  5:20  Hellion  
  46  5:21  Barracks Reactor  
  54  5:35  Hellion  
  54  5:36  Hellion  
  54  5:51  SCV x2  
  54  5:55  Refinery, Command Center  
  56  5:57  Refinery  
  56  6:06  Supply Depot x2  
Tags
 
Add a new tag
Caveats
  • Supply blocks, unpowered buildings, or Contaminate may cause inaccurate times.
  • Supply counts are checked every 10 seconds.